 Dungeon Crawl Stone Soup version 0.30-a0-718-geaa24f58ff (webtiles) character file.

Game seed: 14693629213955791630

498 IdlyInterested the Sneak (level 6, 0/44 HPs)
             Began as a Demonspawn Brigand on Jan 25, 2023.
             Slain by a sky beast (3 damage)
             ... on level 8 of the Dungeon.
             The game lasted 00:08:36 (3579 turns).

IdlyInterested the Sneak (Demonspawn Brigand)       Turns: 3579, Time: 00:08:37

Health: 0/44       AC:  4    Str: 11    XL:     6   Next: 94%
Magic:  6/6        EV: 11    Int: 12    God:
Gold:   240        SH:  0    Dex: 19    Spells: 5/5 levels left

rFire   . . .      SeeInvis .    p - +1 short sword (speed)
rCold   . . .      Faith    .    (no shield)
rNeg    . . .      Spirit   .    b - +1 robe
rPois   .          Reflect  .    (no helmet)
rElec   .          Harm     .    c - +0 cloak
rCorr   .          Rampage  .    (no gloves)
Will    .....                    (no boots)
Stlth   +++++                    (no amulet)
HPRegen 0.27/turn                (no ring)
MPRegen 0.10/turn                (no ring)

@: no status effects
A: thin skeletal structure 1, ignite blood 2
a: no special abilities


You were on level 8 of the Dungeon.
You visited 2 branches of the dungeon, and saw 7 of its levels.

You collected 240 gold pieces.

Inventory:

Hand Weapons
 a - a +2 dagger of flaming
 g - a +0 short sword
 p - a +1 short sword of speed (weapon)
Missiles
 d - 11 poisoned darts (quivered)
 e - 3 curare-tipped darts
 h - 42 stones
 l - 9 boomerangs
Armour
 b - a +1 robe (worn)
 c - a +0 cloak (worn)
 i - a +0 ring mail
 m - a +0 scale mail
Wands
 j - a wand of roots (3)
Scrolls
 f - a scroll of identify
 n - a scroll of silence {unknown}
 o - a scroll of brand weapon
Potions
 k - a potion of flight


   Skills:
 - Level 2.0 Fighting
 + Level 4.1 Short Blades
 - Level 1.7 Throwing
 - Level 0.8 Dodging
 * Level 7.0 Stealth


You had 5 spell levels left.
You didn't know any spells.
Your spell library was empty.

Dungeon Overview and Level Annotations

Branches:
Dungeon (5/15)             Temple (1/1) D:4

Altars:
Fedhas
Gozag
Kikubaaqudgha
Makhleb
Nemelex Xobeh
Qazlal
Trog
Uskayaw
Vehumet
Xom


Innate Abilities, Weirdness & Mutations

You have a somewhat thin skeletal structure. (Dex +2, Stealth+)
Your demonic aura often causes spilled blood to erupt in flames.


Message History

You hit something. You miss something. You punch something.
A sky beast appears from thin air!
Reactivating autopickup.
The sky beast hits you but does no damage.
You closely miss the sky beast.
The sky beast is moderately wounded.
A wyvern comes into view.
The bullfrog hits you.
You hit the bullfrog.
The bullfrog is lightly wounded.
The sky beast hits you but does no damage.
You hit the bullfrog.
The bullfrog is moderately wounded.
The bullfrog hits you but does no damage.
You hit the bullfrog.
The bullfrog is heavily wounded.
The bullfrog misses you.
The sky beast flickers out of sight!
Deactivating autopickup; reactivate with Ctrl-A.
Something hits you but does no damage.
You barely miss the bullfrog.
The bullfrog is heavily wounded.
The bullfrog misses you.
You hit the bullfrog.
The bullfrog is severely wounded.
Something hits you. Something shocks you.
* * * LOW HITPOINT WARNING * * *
The bullfrog hits you but does no damage.
You barely miss the bullfrog.
The bullfrog is severely wounded.
You hit the bullfrog.
The bullfrog is severely wounded.
The bullfrog barely misses you. Something hits you.
* * * LOW HITPOINT WARNING * * *
Something shocks you.
* * * LOW HITPOINT WARNING * * *
You hit the bullfrog.
You kill the bullfrog!
Your Stealth skill increases to level 7!
Something hits you.
You die...

##.. ... #### ..#
##.. ..#
###..#####..## ##
#####............#...
#................[...
#............@....#
#...........l{.##.#
#.............##
#.............#
#####.........#
#...........
########.#.## #.#.#
....#


You could see a wyvern.

Vanquished Creatures
  The ghost of elongatedgoose the Sneak, an amateur DgBr (D:3)
  A bullfrog (D:8)
  A scorpion (D:4)
  The ghost of wormed the Unbeliever, a weakling GnWn (D:3)
  An orc priest (D:4)
  A jelly (D:4)
  6 adders
  4 gnolls (D:4)
  A worm (D:3)
  4 dart slugs
  5 orcs
  9 ball pythons
  6 endoplasms
  4 giant cockroaches
  13 goblins
  4 hobgoblins
  3 jackals (D:3)
  6 kobolds
  6 quokkas
  5 bats (D:2)
  3 rats
85 creatures vanquished.

Notes
Turn   | Place    | Note
-------+----------+-------------------------------------------
     0 | D:1      | IdlyInterested the Demonspawn Brigand began the quest for
                  | the Orb.
     0 | D:1      | Reached XP level 1. HP: 16/16 MP: 1/1
     1 | D:1      | Noticed an electric eel
   298 | D:1      | Reached skill level 4 in Stealth
   298 | D:1      | Gained mutation: Your demonic aura sometimes causes spilled
                  | blood to erupt in flames. [demonic ancestry]
   298 | D:1      | Reached XP level 2. HP: 22/22 MP: 2/2
   641 | D:1      | Found a faded altar of an unknown god.
  1098 | D:2      | Gained mutation: Your demonic aura often causes spilled
                  | blood to erupt in flames. [demonic ancestry]
  1098 | D:2      | Reached XP level 3. HP: 14/27 MP: 3/3
  2070 | D:3      | Gained mutation: You have a somewhat thin skeletal
                  | structure. (Dex +2, Stealth+) [demonic ancestry]
  2070 | D:3      | Reached XP level 4. HP: 28/33 MP: 4/4
  2140 | D:3      | Reached skill level 5 in Stealth
  2174 | D:3      | Found a runed translucent gate.
  2174 | D:3      | Found a runed translucent gate.
  2174 | D:3      | Found a runed translucent gate.
  2193 | D:3      | Noticed elongatedgoose's ghost (amateur DgBr)
  2193 | D:3      | Noticed wormed's ghost (weakling GnWn)
  2500 | D:3      | Killed elongatedgoose's ghost
  2501 | D:3      | Reached XP level 5. HP: 38/38 MP: 5/5
  2506 | D:3      | Killed wormed's ghost
  2507 | D:3      | Reached skill level 6 in Stealth
  2676 | D:4      | Found a staircase to the Ecumenical Temple.
  2745 | D:4      | Reached XP level 6. HP: 10/44 MP: 6/6
  3231 | Temple   | Entered the Ecumenical Temple
  3544 | D:5      | Entered Level 5 of the Dungeon
  3555 | D:5      | Found a radiant altar of Vehumet.
  3555 | D:5      | You fall into a shaft and drop 3 floors!
  3556 | D:8      | Noticed a sky beast
  3570 | D:8      | Noticed a wyvern
  3579 | D:8      | Reached skill level 7 in Stealth
  3579 | D:8      | Slain by a sky beast

Illustrated notes

Levels and vault maps discovered:
D:1:      arrival_aquarium_a, layout_loops_corners,
          ebering_ecumenical_altar_abandoned
D:2:      layout_loops_ring
D:3:      layout_basic, gammafunk_ghost_cemetery, grunt_ministairs_1
D:4:      layout_basic, amcnicky_altar_gilded,
          minmay_temple_entry_statues_fountains
D:5:      layout_basic, nicolae_vehumet_radiance
D:8:      layout_rooms, lemuel_coloured_pillars_altar, nzn_wu_jian_council_hall,
          mainiacjoe_overflow_alcove_1, minmay_lair_entry_grove
Temple:   hellmonk_temple_of_storms

Skill      XL: |  1  2  3  4  5  6 |
---------------+-------------------+-----
Short Blades   | 2 3 4 |  4.1
Stealth        | 4 5 6 7 |  7.0
Fighting       | |  2.0
Throwing       | |  1.7
Dodging        | |  0.8

Action                     |  1- 3 |  4- 6 || total
---------------------------+-------+-------++-------
  Melee: Dagger            |   128 |       ||   128
         Short sword       |    27 |   129 ||   156
         Punch             |       |     1 ||     1
  Throw: Dart              |       |    14 ||    14
    Use: Scroll            |     7 |     2 ||     9
         Potion            |       |     6 ||     6
   Stab: Sleeping          |    15 |    15 ||    30
         Distracted        |       |     1 ||     1
 Armour: Robe              |    32 |    22 ||    54
  Dodge: Dodged            |    73 |    34 ||   107

Table legend: (Time is in decaauts)
 A = Elapsed time spent in this place.
 B = Non-inter-level travel time spent in this place.
 C = Inter-level travel time spent in this place.
 D = Time resting spent in this place.
 E = Time spent auto-exploring this place.
 F = Levels seen in this place.
 G = Mean time per level.
                   A        B        C        D        E       F      G
               +--------+--------+--------+--------+--------+-----+--------+
         Total |   3496 |   3163 |    333 |    432 |   1874 |   7 |  499.4 |
       Dungeon |   3454 |   3121 |    333 |    432 |   1874 |   6 |  575.7 |
        Temple |     41 |     41 |      0 |      0 |      0 |   1 |   41.0 |
               +--------+--------+--------+--------+--------+-----+--------+

Top non-repeatable levels by time:
     D:1: 1034 daAuts
     D:2: 880 daAuts
     D:4: 819 daAuts
     D:3: 698 daAuts
  Temple: 41 daAuts
     D:8: 15 daAuts
     D:5: 6 daAuts
